 Dungeon Crawl Stone Soup version 0.30.0-10-gfe55d96785 (webtiles) character file.

Game seed: 1037021642073579885

3742 qeuew the Protected (level 9, -2/79 HPs)
             Began as a Minotaur Fighter on May 12, 2023.
             Was an Elder of Fedhas.
             Slain by a troll (4 damage)
             ... on level 9 of the Dungeon on May 15, 2023.
             The game lasted 00:08:32 (5884 turns).

qeuew the Protected (Minotaur Fighter)              Turns: 5884, Time: 00:08:33

Health: -2/79      AC: 12    Str: 24    XL:     9   Next: 93%
Magic:  11/11      EV: 11    Int:  3    God:    Fedhas [****..]
Gold:   510        SH:  5    Dex: 11    Spells: 8/8 levels left

rFire   . . .        a - +0 war axe (spect)
rCold   . . .        c - +0 buckler
rNeg    + . .        b - +0 scale mail
rPois   .            (helmet restricted)
rElec   .            (no cloak)
rCorr   .            (no gloves)
SInv    .            (no boots)
Will    .....        (no amulet) Stlth
                     l - ring of positive energy
HPRegen 0.33/turn    n - +4 ring of protection
MPRegen 0.12/turn

%: no passive effects
@: on berserk cooldown, slowed, very slow
A: horns 2, retaliatory headbutt, dopey 1
a: Renounce Religion, Wall of Briars, Grow Ballistomycete, Overgrow


You were on level 9 of the Dungeon.
You worshipped Fedhas.
Fedhas was greatly pleased with you.
You visited 1 branch of the dungeon, and saw 9 of its levels.
You also visited: Sewer.

You collected 510 gold pieces.

Inventory:

Hand Weapons
 a - a +0 spectral war axe (weapon)
Armour
 b - a +0 scale mail (worn)
 c - a +0 buckler (worn)
Jewellery
 l - a ring of positive energy (left hand)
 n - a +4 ring of protection (right hand)
Wands
 j - a wand of mindburst (14)
Scrolls
 f - 3 scrolls of identify
 i - a scroll of blinking
 m - 2 scrolls of fog
 o - a scroll of teleportation
 q - a scroll of enchant weapon
Potions
 d - 2 potions of might
 e - 3 potions of curing
 h - 3 potions of haste
 k - a potion of brilliance
 p - a potion of flight


   Skills:
 + Level 7.2 Fighting
 + Level 6.6 Axes
 * Level 9.5 Armour
 + Level 5.3 Dodging
 + Level 7.2 Shields
 + Level 4.8 Invocations
 + Level 3.5 Evocations


You had 8 spell levels left.
You didn't know any spells.
Your spell library contained the following spells:

 Spells                   Type           Power      Damage    Failure   Level
 Beastly Appendage        Tmut           0%         N/A       83%         1
 Magic Dart               Conj           0%         1d3       83%         1
 Sandblast                Erth           0%         2d4       83%         1
 Shock                    Conj/Air       0%         1d3       83%         1
 Call Imp                 Summ           0%         N/A       92%         2
 Passwall                 Tmut/Erth      0%         N/A       92%         2
 Scorch                   Fire           0%         2d5       92%         2
 Wereblood                Tmut           0%         N/A       92%         2
 Call Canine Familiar     Summ           0%         N/A       99%         3
 Mephitic Cloud           Conj/Pois/Air  0%         N/A       99%         3
 Portal Projectile        Hex/Tloc       0%         N/A       99%         3
 Spider Form              Tmut/Pois      0%         N/A       99%         3
 Stone Arrow              Conj/Erth      0%         3d7       99%         3
 Swiftness                Air            0%         N/A       99%         3
 Vhi's Electric Charge    Tloc/Air       0%         N/A       99%         3
 Airstrike                Air            0%         2d(0-16)  100%        4
 Animate Armour           Summ/Erth      0%         N/A       100%        4
 Leda's Liquefaction      Hex/Erth       0%         N/A       100%        4
 Arcjolt                  Conj/Air       0%         1d10      100%        5
 Plasma Beam              Fire/Air       0%         2x1d11    100%        6
 Lehudib's Crystal Spear  Conj/Erth      0%         10d2      100%        8
 Maxwell's Capacitive Co  Air            0%         ∞         100%        8
 Shatter                  Erth           0%         3d5*      100%        9


Dungeon Overview and Level Annotations

Branches:
Dungeon (9/15)             Temple (0/1) D:6           Sewer (visited)
   Lair: D:8-11         Orc: D:9-12

Altars:
Ashenzari
Elyvilon
Fedhas
Gozag
Hepliaklqana
Kikubaaqudgha
Nemelex Xobeh
Trog
Uskayaw
Wu Jian
Xom
Zin

Shops:
D:1 :   D:2 ?   D:8 [


Innate Abilities, Weirdness & Mutations

You have a pair of horns on your head.
You reflexively headbutt those who attack you in melee.
You are dopey. (Int -2)


Message History

You completely miss the basilisk. Your headbutt misses the basilisk.
The basilisk is lightly wounded.
You completely miss the black bear.
Your +0 spectral war axe hits the basilisk!
Your +0 spectral war axe hits the black bear. x2
You kill the black bear!
Fedhas appreciates your contribution to the ecosystem.
Your +0 spectral war axe hits the basilisk.
You feel sick. The basilisk barely misses you.
You hit the basilisk. Your headbutt misses the basilisk.
The basilisk is severely wounded.
Your +0 spectral war axe hits the basilisk!
You feel sick. The basilisk bites you.
* * * LOW HITPOINT WARNING * * *
Unknown command.
You closely miss the basilisk.
The basilisk is almost dead.
Your +0 spectral war axe closely misses the basilisk.
The basilisk barely misses you. You furiously retaliate!
You headbutt the basilisk!
You kill the basilisk!
Fedhas appreciates your contribution to the ecosystem.
Your +0 spectral war axe disappears.
You feel sick.
You feel a strong urge to attack something.
You feel sick.
A troll comes into view.
The troll shouts!
You feel your anger nearly subside.
You are no longer berserk.
You are exhausted.
You feel yourself slow down.
You feel sick.
You are no longer poisoned.
You see here a bullfrog corpse.
The troll bites you but does no damage. The troll claws you but does no damage.
The troll claws you.
* * * LOW HITPOINT WARNING * * *
The troll bites you but does no damage. The troll claws you but does no damage.
The troll claws you.
You die...
Fedhas appreciates your contribution to the ecosystem.

#.....# #
#.....# .#
#.....#..#
#...#.#..#
#........
#.....##
#...<..#
#.T.####
#..@...#
#######.†###.#
........># #
#######..#
#..# #)†#
......'††#
..$...##...
...... #.##.#


You could see a troll.

Vanquished Creatures
  Pikel (D:6)
  A hornet (D:8)
  A wyvern (D:9)
  A basilisk (D:9)
  A steam dragon (D:9)
  A water moccasin (Sewer)
  An orc warrior (D:7)
  3 black bears (D:9)
  A sky beast (D:7)
  An ogre (D:6)
  2 wolves (D:9)
  2 centaurs
  2 kobold brigands
  4 bullfrogs
  7 scorpions
  7 killer bees (D:8)
  2 hounds
  2 jellies
  A gnoll bouda (D:7)
  3 orc priests
  6 iguanas
  An orc wizard (D:6)
  11 adders
  3 white imps
  An ufetubus (D:7)
  A worm (D:3)
  15 orcs
  7 ball pythons
  5 bats
  11 endoplasms
  7 giant cockroaches
  5 hobgoblins
  4 jackals
  8 quokkas
  A frilled lizard (D:3)
  7 goblins
  10 kobolds
  5 rats
  A rat zombie (D:6)
153 creatures vanquished.

Vanquished Creatures (collateral kills)
  2 killer bees (D:8)
2 creatures vanquished.

Grand Total: 155 creatures vanquished

Notes
Turn   | Place    | Note
-------+----------+-------------------------------------------
     0 | D:1      | qeuew the Minotaur Fighter began the quest for the Orb.
     0 | D:1      | Reached XP level 1. HP: 19/19 MP: 0/0
    95 | D:1      | Reached XP level 2. HP: 27/27 MP: 1/1
   139 | D:1      | Reached skill level 4 in Armour
   149 | D:1      | Got Ramocy's Textbook on Fire and the Mesa
   272 | D:1      | Reached skill level 1 in Dodging
   276 | D:1      | Reached XP level 3. HP: 33/33 MP: 2/2
   329 | D:1      | Found a faded altar of an unknown god.
   353 | D:1      | Prayed at the altar of an unknown god.
   353 | D:1      | Became a worshipper of Fedhas Madash
   353 | D:1      | Reached * piety under Fedhas
   522 | D:1      | Found Duexiggy's Book Boutique.
   757 | D:2      | Found Seetucraott's Magic Scroll Shop.
   948 | D:2      | Reached XP level 4. HP: 36/40 MP: 3/3
  1195 | D:3      | Found a glowing drain.
  1212 | Sewer    | Entered a sewer
  1274 | Sewer    | Noticed a water moccasin
  1283 | Sewer    | Killed a water moccasin
  1283 | Sewer    | Reached ** piety under Fedhas
  1284 | Sewer    | Reached skill level 5 in Armour
  1284 | Sewer    | Reached skill level 1 in Invocations
  1284 | Sewer    | Reached XP level 5. HP: 39/47 MP: 4/4
  1489 | D:3      | Identified the orb of Plasticity {guile, -Cast Fly rPois
                  | rCorr}
  1817 | D:3      | Found an opulent altar of Gozag.
  1928 | D:4      | You fall into a shaft and drop 2 floors!
  1946 | D:6      | Reached XP level 6. HP: 52/53 MP: 4/6
  1993 | D:5      | Entered Level 5 of the Dungeon
  2003 | D:5      | Found a bloodstained altar of Trog.
  2147 | D:4      | Reached skill level 5 in Shields
  2152 | D:4      | Reached skill level 5 in Fighting
  2198 | D:4      | Found a blossoming altar of Fedhas.
  2206 | D:4      | Found a hide-covered altar of Uskayaw.
  2402 | D:4      | Reached skill level 6 in Armour
  2402 | D:4      | Reached XP level 7. HP: 61/61 MP: 7/7
  2537 | D:4      | Found a white marble altar of Elyvilon.
  2736 | D:4      | Gained mutation: You are dopey. (Int -2) [potion of
                  | mutation]
  2751 | D:5      | Found an ornate altar of the Wu Jian Council.
  2944 | D:5      | Reached *** piety under Fedhas
  3208 | D:5      | Found a hazy altar of Hepliaklqana.
  3209 | D:5      | Found a shimmering altar of Xom.
  3210 | D:5      | Noticed a spectral ugly thing
  3278 | D:6      | Reached skill level 1 in Evocations
  3344 | D:6      | Found a staircase to the Ecumenical Temple.
  3390 | D:6      | Noticed Pikel
  3397 | D:6      | Killed Pikel
  3398 | D:6      | Reached skill level 5 in Axes
  3398 | D:6      | Reached skill level 7 in Armour
  3398 | D:6      | Reached XP level 8. HP: 57/70 MP: 9/9
  3399 | D:6      | Found a broken altar of Ashenzari.
  3561 | D:6      | Found an ancient bone altar of Kikubaaqudgha.
  3764 | D:6      | Saw a vision of the Swamp and the Snake Pit.
  3764 | D:6      | Noticed a spriggan rider
  3764 | D:6      | Noticed a naga mage
  3764 | D:6      | Noticed a naga mage
  3764 | D:6      | Noticed a naga sharpshooter
  3764 | D:6      | Noticed a naga mage
  3764 | D:6      | Noticed an eleionoma
  3769 | D:6      | Noticed a black mamba
  3896 | D:7      | Reached skill level 8 in Armour
  4211 | D:7      | Reached **** piety under Fedhas
  4216 | D:7      | Reached XP level 9. HP: 72/75 MP: 10/10
  4411 | D:7      | Found a sparkling altar of Nemelex Xobeh.
  5216 | D:8      | Upgraded the game from 0.30.0-5-g1a98f26d00 to
                  | 0.30.0-10-gfe55d96785
  5274 | D:8      | Found a glowing silver altar of Zin.
  5456 | D:8      | Found Apiuzolimm's Antique Armour Shoppe.
  5847 | D:9      | Reached skill level 9 in Armour
  5854 | D:9      | Reached skill level 5 in Dodging
  5878 | D:9      | HP: 5/118 [poisoned by a scorpion]
  5880 | D:9      | Noticed a troll
  5881 | D:9      | HP: 2/79 [poisoned by a scorpion]
  5884 | D:9      | Slain by a troll

Illustrated notes

Levels and vault maps discovered:
D:1:      shiori_arrival_maze, layout_rooms, dreamdust_ecumenical_altar_statues,
          serial_shops, shop, kennysheep_flooded_box
D:2:      layout_rooms, serial_shops, shop, kennysheep_doodads, minivault_23,
          chequers_serial_rivers_room_b, dreamdust_princess_bridge
D:3:      layout_rooms, general_overflow_altar, gup_sewer_entry_pipe,
          dk_noncrumbling_3, amcnicky_mini_corridor_feature
D:4:      layout_loops_ring, elyvilon_altar_4, minitemple,
          kennysheep_generic_room_7
D:5:      layout_loops_cross, regret_index_temple_of_mockery,
          mainiacjoe_overflow_large_starburst, minmay_holes
D:6:      layout_rooms, grunt_ashenzari_visionary
          [grunt_ashenzari_visionary_swamp, grunt_ashenzari_visionary_snake],
          lemuel_zombie_altar_kikubaaqudgha, minmay_temple_entry_wispy,
          minivault_1, uniq_pikel
D:7:      layout_basic, mainiacjoe_overflow_alcove_2, st_stairs_3
D:8:      layout_loops_ring, mainiacjoe_overflow_surrounded_room, serial_shops,
          nicolae_shop_competitors_out_of_business, serial_park_tiny_2
D:9:      layout_basic, mainiacjoe_overflow_alcove_1,
          mainiacjoe_overflow_six_doors_small, minmay_lair_entry_grove,
          serial_shops, nicolae_shop_overgrown_old_shop, st_stairs_3,
          nicolae_fountain_basement, uniq_prince_ribbit1

Skill      XL: |  1  2  3  4  5  6  7  8  9 |
---------------+----------------------------+-----
Armour         | 4 5 6 7 8 9 |  9.5
Dodging        | 1 2 3 4 5 |  5.3
Fighting       | 4 5 6 7 |  7.2
Shields        | 4 5 6 7 |  7.2
Axes           | 3 4 5 6 |  6.6
Invocations    | 1 2 3 4 |  4.8
Evocations     | 1 2 3 |  3.5

Action                     |  1- 3 |  4- 6 |  7- 9 || total
---------------------------+-------+-------+-------++-------
  Melee: War axe           |    78 |   106 |   177 ||   361
         Headbutt          |    10 |    11 |    23 ||    44
 Invoke: Overgrow          |       |       |     1 ||     1
    Use: Scroll            |     2 |     7 |     5 ||    14
         Potion            |       |     4 |     4 ||     8
   Stab: Distracted        |       |     2 |     2 ||     4
 Armour: Scale mail        |    49 |    28 |   112 ||   189
  Dodge: Dodged            |    36 |    47 |   118 ||   201
  Block: Buckler           |    24 |    28 |    57 ||   109
